 Dungeon Crawl Stone Soup version 0.21.1-1-g345015f (webtiles) character file.

702 letownia2 the Conjurer (level 7, 0/41 HPs)
             Began as a Tengu Fire Elementalist on Mar 3, 2018.
             Slain by a hound (3 damage)
             ... on level 5 of the Dungeon.
             The game lasted 00:13:54 (2046 turns).

letownia2 the Conjurer (Tengu Fire Elementalist)    Turns: 2046, Time: 00:13:55

Health: 0/41       AC:  4    Str:  9    XL:     7   Next: 66%
Magic:  13/13      EV: 13    Int: 17    God:
Gold:   144        SH:  0    Dex: 14    Spells: 8/12 levels left

rFire    . . .     SeeInvis .   b - +0 hand axe (elec)
rCold    . . .     Gourm    .   (no shield)
rNeg     . . .     Faith    .   y - +0 leather armour
rPois    .         Spirit   .   (helmet restricted)
rElec    .         Reflect  .   u - +0 cloak
rCorr    .         Harm     .   (no gloves)
MR       .....                  (boots unavailable)
Stlth    ++........             (no amulet)
HPRegen  0.13/turn              (no ring)
MPRegen  0.13/turn              (no ring)

@: no status effects
A: beak, talons 3, able to fly 1
a: Fly


You were on level 5 of the Dungeon.
You were not hungry.

You visited 1 branch of the dungeon, and saw 5 of its levels.

You collected 144 gold pieces.

Inventory:

Hand Weapons
 a - a +1 dagger of venom
 b - a +0 hand axe of electrocution (weapon)
 f - a +0 dagger
 p - a +0 whip
 s - a +0 rapier
 A - a +3 quarterstaff of chaos
Missiles
 o - 8 curare-tipped needles
 x - 2 tomahawks (quivered)
Armour
 g - a +0 robe
 h - a +0 ring mail
 q - a +0 ring mail
 u - a +0 cloak (worn)
 y - a +0 leather armour (worn)
Magical Staves
 i - an uncursed staff of death
Scrolls
 d - a scroll of magic mapping {unknown}
 e - 3 scrolls of remove curse
 k - a scroll of random uselessness {unknown}
 m - 2 scrolls of identify {unknown}
 n - a scroll of enchant weapon {unknown}
 v - a scroll of noise {unknown}
Potions
 j - 2 potions of lignification {unknown}
 l - a potion of degeneration {unknown}
 r - a potion of invisibility {unknown}
 z - a potion of curing {unknown}
Books
 t - a book of Flames

   Spells                             Type                      Level
   a - Flame Tongue                   Conjuration/Fire             1
   b - Throw Flame                    Conjuration/Fire             2
   c - Conjure Flame                  Conjuration/Fire             3
   d - Inner Flame                    Hexes/Fire                   3
   e - Sticky Flame                   Conjuration/Fire             4
   f - Fireball                       Conjuration/Fire             5
Comestibles
 c - 6 rations
 w - 2 chunks of flesh


   Skills:
 - Level 3.1 Fighting
 + Level 3.0 Armour
 - Level 3.1 Dodging
 - Level 2.0 Stealth
 + Level 3.4 Spellcasting
 + Level 7.3 Conjurations
 - Level 3.2 Fire Magic
 - Level 0.1 Evocations


You had 8 spell levels left.
You knew the following spells:

 Your Spells              Type           Power        Failure   Level  Hunger
a - Flame Tongue          Conj/Fire      ###..        2%          1    None
c - Conjure Flame         Conj/Fire      ###.....     8%          3    ###....


Dungeon Overview and Level Annotations

Branches:
Dungeon (5/15)
 Temple: D:4-7

Altars:
Yredelemnul


Innate Abilities, Weirdness & Mutations

You have a beak for a mouth.
You have claws for feet.
You can fly.


Message History

The hound bites you.
* * * LOW HITPOINT WARNING * * *
The giant cockroach bites you.
* * * LOW HITPOINT WARNING * * *
Unknown command.
Unknown command.
You closely miss the hound. You closely miss the giant cockroach.
The hound closely misses you. The giant cockroach bites you.
* * * LOW HITPOINT WARNING * * *
The hound bites you.
* * * LOW HITPOINT WARNING * * *
The giant cockroach barely misses you.
Unknown command.
Unknown command.
You barely miss the hound. You peck the hound.
The hound is lightly wounded.
You hit the giant cockroach.
The hound stops to sniff the ground.
The hound bites you.
You die...

#.## #... ###
##$.# .. ...# .#
#..###.#
..####......#
............#
.######ohs.#######
#.#@........
.o.##.######
#.####.# #. #.#
#.# #.# #.# #.# #
#.# #.# # #.# #.#
# #.# #.#
###########


You could see a hound, an orc priest and a giant cockroach.

Vanquished Creatures
  A sky beast (D:5)
  The ghost of appiemonkey the Skirmisher, an amateur MiFi (D:3)
  A water moccasin skeleton (D:5)
  2 howler monkeys (D:4)
  2 crimson imps (D:5)
  A hound (D:4)
  A jelly (D:5)
  Crazy Yiuf (D:4)
  A gnoll shaman (D:3)
  A worker ant (D:4)
  A hound skeleton (D:4)
  6 gnolls
  7 adders
  A worm (D:5)
  A leopard gecko (D:5)
  10 orcs
  3 bats
  4 goblins
  3 hobgoblins
  7 jackals
  2 kobolds (D:1)
  A quokka (D:4)
  3 ball pythons
  A frilled lizard (D:2)
  5 rats
67 creatures vanquished.

Notes
Turn   | Place    | Note
-------+----------+-------------------------------------------
     0 | D:1      | letownia2 the Tengu Fire Elementalist began the quest for the Orb.
     0 | D:1      | Reached XP level 1. HP: 10/10 MP: 4/4
    38 | D:1      | Reached skill level 2 in Conjurations
   133 | D:1      | Reached XP level 2. HP: 7/15 MP: 0/6
   178 | D:1      | Reached skill level 3 in Conjurations
   316 | D:2      | Reached skill level 4 in Conjurations
   316 | D:2      | Reached XP level 3. HP: 15/19 MP: 2/7
   491 | D:3      | Noticed appiemonkey's ghost (amateur MiFi)
   563 | D:3      | Learned a level 3 spell: Conjure Flame
   595 | D:4      | Reached skill level 1 in Fighting
   595 | D:4      | Reached XP level 4. HP: 25/25 MP: 4/8
   745 | D:4      | Reached skill level 5 in Conjurations
   781 | D:4      | Gained mutation: You can fly. [Tengu growth]
   781 | D:4      | Reached XP level 5. HP: 19/30 MP: 1/9
   931 | D:4      | Found a runed door.
   935 | D:4      | Noticed Crazy Yiuf
   963 | D:4      | Killed Crazy Yiuf
  1085 | D:4      | Reached XP level 6. HP: 32/36 MP: 4/10
  1203 | D:4      | Reached skill level 6 in Conjurations
  1534 | D:4      | Noticed an orc warrior
  1710 | D:3      | Killed appiemonkey's ghost
  1710 | D:3      | Reached skill level 1 in Armour
  1780 | D:4      | Reached XP level 7. HP: 33/41 MP: 6/11
  1833 | D:5      | Entered Level 5 of the Dungeon
  1906 | D:5      | Reached skill level 7 in Conjurations
  2004 | D:5      | Found a basalt altar of Yredelemnul.
  2045 | D:5      | HP: 2/41 [hound (2)]
  2046 | D:5      | Slain by a hound

Skill      XL: |  1  2  3  4  5  6  7 |
---------------+----------------------+-----
Conjurations   | 2 4 5 6 7 |  7.3
Fighting       | 1 2 3 |  3.1
Dodging        | 3 |  3.1
Armour         | 1 3 |  3.0
Spellcasting   | 3 |  3.4
Stealth        | |  2.0
Fire Magic     | |  3.2
Evocations     | |  0.1

Action                   |  1- 3 |  4- 6 |  7- 9 || total
-------------------------+-------+-------+-------++-------
Melee: Dagger            |     8 |    39 |     9 ||    56
       Unarmed           |     2 |       |       ||     2
       Kick              |     1 |     7 |     1 ||     9
       Peck              |     1 |     4 |     6 ||    11
       Hand axe          |       |       |     7 ||     7
Throw: Tomahawk          |       |     5 |       ||     5
 Cast: Flame Tongue      |    28 |    74 |    17 ||   119
       Conjure Flame     |     1 |     4 |     2 ||     7
  Use: Scroll            |       |       |     1 ||     1
 Stab: Sleeping          |     1 |     1 |       ||     2
  Eat: Chunk             |       |     5 |     1 ||     6
Armor: Robe              |     2 |    12 |       ||    14
       Leather armour    |       |     9 |     8 ||    17
Dodge: Dodged            |     9 |    49 |    16 ||    74
